 Dungeon Crawl Stone Soup version 0.29-a0-925-g0a7a3d12f8 (webtiles) character file.

Game seed: 14776895084952815185

1052 wingedge the Cutter (level 8, -2/48 HPs)
             Began as a Kobold Cinder Acolyte on July 28, 2022.
             Was a High Priest of Ignis.
             Slain by an orc warrior
             ... wielding a +0 battleaxe
              (11 damage)
             ... on level 6 of the Dungeon.
             The game lasted 00:33:25 (6269 turns).

wingedge the Cutter (Kobold Cinder Acolyte)         Turns: 6269, Time: 00:33:26

Health: -2/48      AC:  7    Str: 11    XL:     8   Next: 51%
Magic:  3/13       EV: 18    Int: 17    God:    Ignis [*****.]
Gold:   323        SH:  0    Dex: 11    Spells: 8/14 levels left

rFire   + . .      SeeInvis .   b - +0 shortbow
rCold   . . .      Faith    .   (shield currently unavailable)
rNeg    . . .      Spirit   .   z - +0 leather armour
rPois   .          Reflect  .   n - +0 helmet
rElec   .          Harm     .   (no cloak)
rCorr   .          Rampage  .   N - +0 pair of gloves
Will    .....                   c - +1 pair of boots
Stlth   +++.......              (no amulet)
HPRegen 0.16/turn               i - ring of flight
MPRegen 0.13/turn               q - +4 ring of evasion

@: about to teleport, flying, very slightly contaminated
A: small, no large weapons, nightstalker 3
a: Renounce Religion, Fiery Armour, Foxfire Swarm, Rising Flame


You were on level 6 of the Dungeon.
You worshipped Ignis.
Ignis was extremely pleased with you.
You visited 1 branch of the dungeon, and saw 6 of its levels.

You collected 323 gold pieces.

Inventory:

Hand Weapons
 a - a +1 short sword of draining
 b - a +0 shortbow (weapon)
 o - a +1 dagger of draining
 F - a +0 sling
 J - a +0 rapier
Missiles
 d - 5 curare-tipped darts
 t - 2 boomerangs of dispersal
 x - 9 poisoned darts
 M - 2 boomerangs
Armour
 c - a +1 pair of boots (worn)
 n - a +0 helmet (worn)
 z - a +0 leather armour (worn)
 C - a +0 ring mail of fire resistance
 N - a +0 pair of gloves (worn)
Magical Staves
 G - a staff of air
Jewellery
 i - a ring of flight (left hand)
 l - an amulet of faith
 q - a +4 ring of evasion (right hand)
Wands
 A - a wand of iceblast (9)
 I - a wand of digging (7)
Scrolls
 e - 2 scrolls of enchant weapon {unknown}
 f - 2 scrolls of fear {unknown}
 j - 2 scrolls of enchant armour {unknown}
 m - 2 scrolls of noise {unknown}
 p - 4 scrolls of vulnerability {unknown}
 s - 4 scrolls of teleportation
 w - a scroll of blinking {unknown}
 y - 2 scrolls of butterflies {unknown}
 D - a scroll of immolation {unknown}
Potions
 g - a potion of haste
 h - 2 potions of berserk rage
 k - 3 potions of ambrosia
 r - a potion of invisibility {unknown}
 u - 4 potions of curing
 v - a potion of resistance {unknown}
 B - 3 potions of brilliance
 E - 2 potions of mutation
 H - a potion of cancellation {unknown}
 K - a potion of heal wounds {unknown}
 L - 2 potions of attraction


   Skills:
 + Level 4.4 Fighting
 - Level 5.1 Short Blades
 * Level 1.4 Ranged Weapons
 + Level 2.3 Throwing
 + Level 0.9 Armour
 + Level 3.0 Dodging
 + Level 3.7 Stealth
 * Level 3.8 Spellcasting
 + Level 2.0 Conjurations
 + Level 2.0 Hexes
 - Level 2.0 Summonings
 * Level 4.8 Fire Magic
 + Level 1.5 Evocations


You had 8 spell levels left.
You knew the following spells:

 Your Spells              Type           Power      Damage    Failure   Level
a - Scorch                Fire           38%        2d7       4%          2
b - Summon Small Mammal   Summ           40%        N/A       10%         1
c - Dazzling Flash        Conj/Hex       20%        N/A       28%         3

Your spell library contained the following spells:

 Spells                   Type           Power      Damage    Failure   Level
 Poisonous Vapours        Pois/Air       6%         N/A       32%         2
 Iskenderun's Mystic Bla  Conj/Tloc      6%         2d4       80%         4
 Summon Lightning Spire   Summ/Air       6%         N/A       80%         4
 Corpse Rot               Necr/Pois/Air  3%         N/A       91%         4
 Summon Mana Viper        Hex/Summ       10%        N/A       95%         5
 Summon Forest            Summ/Tloc      3%         N/A       98%         5
 Starburst                Conj/Fire      7%         6d4       100%        6
 Summon Cactus Giant      Summ           5%         N/A       100%        6
 Storm Form               Tmut/Air       1%         N/A       100%        7
 Maxwell's Capacitive Co  Air            1%         ∞         100%        8


Dungeon Overview and Level Annotations

Branches:
Dungeon (6/15)             Temple (0/1) D:4

Altars:
Dithmenos
Sif Muna
Vehumet
Wu Jian


Innate Abilities, Weirdness & Mutations

You are small and have problems with some larger weapons.
You are completely attuned to the shadows.


Message History

The jelly jiggles.
The orc misses you.
Casting: Summon Small Mammal (safe; 10% risk of failure)
Confirm with . or Enter, or press ? or * to list all spells.
Okay, then.
Casting: Summon Small Mammal (safe; 10% risk of failure)
Confirm with . or Enter, or press ? or * to list all spells.
Flames lash the jelly.
The jelly is severely wounded.
The jelly's fire resistance burns away.
You kill the orc priest!
Your bat misses the orc. Your bat hits the orc.
The orc hits you but does no damage.
The orc warrior hits you with a +0 battleaxe!
Your Conjurations skill increases to level 2!
Your Hexes skill increases to level 2!
Casting: Scorch (safe; 4% risk of failure)
Confirm with . or Enter, or press ? or * to list all spells.
You miscast Scorch.
You are very lightly contaminated with residual magic.
Nothing appears to happen.
Your bat hits the orc. The orc barely misses you.
The orc warrior completely misses you.
Your bat hits the orc.
Casting: Scorch (safe; 4% risk of failure)
Confirm with . or Enter, or press ? or * to list all spells.
Flames lash the orc warrior but do no damage.
Your bat misses the orc.
Your bat closely misses the orc.
The orc barely misses you.
The orc warrior hits you with a +0 battleaxe!
Casting: Scorch (safe; 4% risk of failure)
Confirm with . or Enter, or press ? or * to list all spells.
Flames lash the jelly.
The jelly is burned terribly!
You kill the jelly!
Your bat closely misses the orc.
The orc warrior hits you with a +0 battleaxe!
* * * LOW HITPOINT WARNING * * *
The orc misses you.
Your bat barely misses the orc.
As you read the scroll of teleportation, it crumbles to dust.
You feel strangely unstable.
Your bat hits the orc.
The orc warrior hits you with a +0 battleaxe!
You die...

# # # # ### #
.####.. # ...#b. #
#...## ## #o@.### #.
#o#...######### #.
)..###.........####.
.(.. #########......
...# ####... ..#
###.... #..##
#......
###..#######..####
#.............#


You could see an orc warrior, an orc (distracted, ally target) and a friendly
bat (summoned).

Vanquished Creatures
  Edmund (D:6)
  A black bear (D:4)
  An ogre (D:4)
  A centaur (D:5)
  A phantom (D:4)
  A scorpion (D:5)
  A howler monkey (D:5)
  A jelly (D:6)
  2 hounds
  3 orc priests
  A gnoll bouda (D:4)
  An orc wizard (D:5)
  Ijyb (D:3)
  Robin (D:2)
  6 gnolls
  7 adders
  2 worms
  A dart slug (D:4)
  16 orcs
  5 ball pythons
  2 bats
  4 endoplasms
  3 giant cockroaches
  18 goblins
  10 hobgoblins
  13 jackals
  A frilled lizard (D:2)
  4 kobolds
  3 rats
112 creatures vanquished.

Notes
Turn   | Place    | Note
-------+----------+-------------------------------------------
     0 | D:1      | wingedge the Kobold Cinder Acolyte began the quest for the
                  | Orb.
     0 | D:1      | Reached XP level 1. HP: 14/14 MP: 2/2
   149 | D:1      | Reached XP level 2. HP: 10/19 MP: 3/3
   152 | D:1      | Reached skill level 1 in Stealth
   559 | D:1      | Learned a level 2 spell: Scorch
   574 | D:1      | Found a faded altar of an unknown god.
   581 | D:1      | Got Plato's Cyclopedia of Rallying
   709 | D:2      | Learned a level 1 spell: Summon Small Mammal
   993 | D:2      | Reached XP level 3. HP: 23/23 MP: 2/5
  1016 | D:2      | Noticed Robin
  1020 | D:2      | Killed Robin
  1021 | D:2      | Reached skill level 1 in Dodging
  1181 | D:2      | Reached XP level 4. HP: 26/28 MP: 6/6
  1829 | D:3      | Reached skill level 1 in Summonings
  1979 | D:3      | Found a radiant altar of Vehumet.
  2257 | D:3      | Noticed Ijyb
  2260 | D:3      | Killed Ijyb
  2261 | D:3      | Reached XP level 5. HP: 33/33 MP: 5/8
  2784 | D:4      | Reached XP level 6. HP: 38/38 MP: 5/9
  2845 | D:4      | Found a shadowy altar of Dithmenos.
  2961 | D:4      | Reached skill level 1 in Throwing
  3056 | D:4      | Noticed a black bear
  3062 | D:4      | Killed a black bear
  3063 | D:4      | Reached skill level 1 in Conjurations
  3063 | D:4      | Reached skill level 1 in Hexes
  3063 | D:4      | Reached XP level 7. HP: 43/43 MP: 4/11
  4139 | D:4      | Found a staircase to the Ecumenical Temple.
  4322 | D:4      | Found a shimmering blue altar of Sif Muna.
  4426 | D:5      | Entered Level 5 of the Dungeon
  4498 | D:5      | Found an ornate altar of the Wu Jian Council.
  5000 | D:5      | Learned a level 3 spell: Dazzling Flash
  5473 | D:5      | Reached XP level 8. HP: 37/48 MP: 2/13
  5577 | D:5      | Reached skill level 5 in Short Blades
  5578 | D:5      | Reached skill level 1 in Evocations
  5869 | D:6      | Noticed Edmund
  5879 | D:6      | Killed Edmund
  5880 | D:6      | Reached skill level 1 in Ranged Weapons
  6269 | D:6      | Slain by an orc warrior

Illustrated notes

Levels and vault maps discovered:
D:1:      lemuel_arrival_rhombus, layout_basic,
          shapermc_ecumenical_altar_rom_forum
D:2:      layout_rooms, roderic_lattice_a, uniq_robin
D:3:      layout_rooms, nicolae_overflow_crystal_walls,
          minmay_misc_feat_nine_boxes, minmay_box_of_dots, uniq_ijyb
D:4:      layout_loops_corners, mainiacjoe_overflow_alcove_2,
          nicolae_dithmenos_shadow_blocks, minmay_temple_entry_drinking_statues,
          kennysheep_opposing_triangles
D:5:      layout_loops_ring, kennysheep_mini, grunt_decor_fettered
D:6:      layout_rooms, ashenzari_conservatory_becter, uniq_edmund

Skill      XL: |  1  2  3  4  5  6  7  8 |
---------------+-------------------------+-----
Stealth        | 1 2 3 |  3.7
Dodging        | 1 2 3 |  3.0
Spellcasting   | 2 3 |  3.8
Summonings     | 1 2 |  2.0
Throwing       | 1 2 |  2.3
Fighting       | 4 |  4.4
Conjurations   | 1 2 |  2.0
Hexes          | 1 2 |  2.0
Fire Magic     | 4 |  4.8
Short Blades   | 5 |  5.1
Evocations     | 1 |  1.5
Ranged Weapons | 1 |  1.4
Armour         | |  0.9

Action                   |  1- 3 |  4- 6 |  7- 9 || total
-------------------------+-------+-------+-------++-------
Melee: Short sword       |    56 |    41 |    52 ||   149
       Punch             |       |     1 |     1 ||     2
       Dagger            |       |       |     1 ||     1
 Fire: Shortbow          |       |       |     2 ||     2
Throw: Dart              |     2 |     6 |     2 ||    10
 Cast: Scorch            |     8 |    39 |    57 ||   104
       Summon Small Mamm |       |       |    10 ||    10
Invok: Fiery Armour      |     1 |       |       ||     1
Evoke: Wand              |       |     1 |     1 ||     2
  Use: Scroll            |       |       |    10 ||    10
       Potion            |       |       |     1 ||     1
 Stab: Sleeping          |     4 |       |     2 ||     6
       Distracted        |     1 |     1 |       ||     2
Armor: Robe              |    11 |       |       ||    11
       Animal skin       |       |     4 |       ||     4
       Leather armour    |       |     6 |    21 ||    27
Dodge: Dodged            |    28 |    26 |    86 ||   140

Table legend: (Time is in decaauts)
 A = Elapsed time spent in this place.
 B = Non-inter-level travel time spent in this place.
 C = Inter-level travel time spent in this place.
 D = Time resting spent in this place.
 E = Time spent auto-exploring this place.
 F = Levels seen in this place.
 G = Mean time per level.
                   A        B        C        D        E       F      G
               +--------+--------+--------+--------+--------+-----+--------+
         Total |   6228 |   6050 |    178 |   1725 |   2705 |   6 | 1038.0 |
       Dungeon |   6228 |   6050 |    178 |   1725 |   2705 |   6 | 1038.0 |
               +--------+--------+--------+--------+--------+-----+--------+

Top non-repeatable levels by time:
     D:4: 1955 daAuts
     D:5: 1333 daAuts
     D:3: 977 daAuts
     D:2: 849 daAuts
     D:1: 686 daAuts
     D:6: 424 daAuts
